 Dungeon Crawl Stone Soup version 0.24-a0-291-g79c1ce788c (webtiles) character file.

Game seed: 2389135631541968567

2581 Jannitor the Skirmisher (level 9, -1/72 HPs)
             Began as a Vine Stalker Fighter on May 9, 2019.
             Was a Follower of Uskayaw.
             Succumbed to a killer bee's poison
             ... on level 7 of the Dungeon.
             The game lasted 00:05:42 (5036 turns).

Jannitor the Skirmisher (Vine Stalker Fighter)      Turns: 5036, Time: 00:05:43

Health: -1/72      AC: 24    Str: 22 (24) XL:     9   Next: 58%
Magic:  8/11       EV:  2    Int:  5 (6)  God:    Uskayaw [*.....]
Gold:   301        SH:  0    Dex: 11 (14) Spells: 8/8 levels left

rFire    + . .     SeeInvis .   l - +1 hand axe (flame)
rCold    + . .     Gourm    .   c - +0 shield
rNeg     + + +     Faith    .   (armour currently unavailable)
rPois    +         Spirit   +   (helmet currently unavailable)
rElec    .         Reflect  .   (cloak currently unavailable)
rCorr    .         Harm     .   (gloves currently unavailable)
MR       +....     NoTele   +   (boots currently unavailable)
Stlth    +.........             (no amulet)
HPRegen  0.62/turn              z - ring of protection from cold
MPRegen  0.12/turn              u - ring of protection from fire

@: confused, lethally poisoned (-1 -> -6), tree-form, heavily drained
A: dopey 1, regeneration 1, strong 1, magic shield, no potion heal 3, rot
immunity
a: Stomp, Renounce Religion


You were on level 7 of the Dungeon.
You worshipped Uskayaw.
Uskayaw was noncommittal.
You were not hungry.
You were a tree.
You visited 2 branches of the dungeon, and saw 8 of its levels.

You collected 301 gold pieces.

Inventory:

Hand Weapons
 a - a +0 rapier
 d - a +0 war axe
 l - a +1 hand axe of flaming (weapon)
Armour
 b - a +0 scale mail (melded)
 c - a +0 shield (worn)
 C - a +1 cloak
 G - a scarf of cloud immunity (melded)
Jewellery
 s - an uncursed ring of resist corrosion
 u - a ring of protection from fire (right branch)
 z - a ring of protection from cold (left branch)
 H - a cursed ring of flight {unknown}
Wands
 q - a wand of paralysis (5)
 y - a wand of polymorph (7)
 B - a wand of flame (24)
Scrolls
 e - 3 scrolls of identify
 g - 3 scrolls of remove curse
 h - 2 scrolls of enchant armour
 i - 3 scrolls of teleportation
 r - 2 scrolls of fog {unknown}
 w - 4 scrolls of amnesia {unknown}
 E - a scroll of fear {unknown}
Potions
 j - a potion of mutation
 k - 4 potions of heal wounds
 n - 2 potions of haste
 p - a potion of lignification
 v - a potion of magic {unknown}
 x - a potion of curing {unknown}
 A - a potion of brilliance {unknown}
 F - 3 potions of berserk rage {unknown}
Comestibles
 f - 11 rations
 D - a chunk of flesh


   Skills:
 + Level 5.7(4.2) Fighting
 - Level 2.3(0.9) Short Blades
 + Level 4.7(3.2) Axes
 + Level 5.1(3.6) Armour
 + Level 4.4(2.9) Dodging
 + Level 5.7(4.2) Shields
 + Level 2.3(0.9) Invocations


You had 8 spell levels left.
You didn't know any spells.
Your spell library contained the following spells:

 Spells                   Type           Power        Failure   Level  Hunger
 Animate Skeleton         Necr           N/A          91%         1    ##.....
 Apportation              Tloc           #.....       91%         1    ##.....
 Confusing Touch          Hex            #.....       91%         1    ##.....
 Summon Small Mammal      Summ           #...         91%         1    ##.....


Dungeon Overview and Level Annotations

Branches:
Dungeon (7/15)             Temple (1/1) D:5

Altars:
Ashenzari
Dithmenos
Elyvilon
Gozag
Hepliaklqana
Kikubaaqudgha
Makhleb
Nemelex Xobeh
Sif Muna
Trog
Uskayaw
Vehumet
Wu Jian
Xom
Yredelemnul
Zin
The Shining One
Beogh

Shops:
D:6 %


Innate Abilities, Weirdness & Mutations

((You have razor-sharp teeth.))
Your natural rate of healing is unusually fast.
When hurt, damage is shared between your health and your magic reserves.
((Your bite disrupts and absorbs the magic of your enemies.))
Potions cannot restore your health.
You are immune to rotting.
You are dopey. (Int -2)
((Your flesh is heat resistant. (rF+)))
Your muscles are strong. (Str +2)
((You are occasionally teleported next to monsters.))


Message History

You feel resistant to heat.
* * * LOW HITPOINT WARNING * * *
You feel sick.
It was a potion of lignification.
You turn into a tree.
Your scarf of cloud immunity melds into your body.
Your +0 scale mail melds into your body.
You feel vulnerable to the effects of clouds.
Your roots penetrate the ground.
* * * LOW HITPOINT WARNING * * *
You feel sick.
It was a potion of degeneration.
There was something very wrong with that liquid.
You feel weakened.
You feel dopey.
You feel clumsy.
* * * LOW HITPOINT WARNING * * *
You feel sick. The scorpion stings you.
* * * LOW HITPOINT WARNING * * *
It was a potion of ambrosia.
You are confused.
Your system rejects the healing.
You feel invigorated.
You die...

,,,###$.##...........#,,*
...#....................*
.............).........#*
......................##
.......................#******
.....(......###.........,*,,,**
........................,,,,,,*
................s...#*,,,,,,,,**
...............[♣...#*,,,,,,,,,*
....................#,,,,,,,,,**
,,,,,,,,,...............,,,*,,,*
,,,,,,,,,...........#...,,,**,,*
,,,,,,,,*...............,,,**,**
,,,,,,,,*...........##..,,*****
,,,,,,,**##<........#,,.,,,*,**
,,,,,,,***#.........#*,,,,,,,,**
,,,,,,,,,,,,*,,,,,,****,,,,,,,,*


You could see a scorpion.

Vanquished Creatures
  Grinder (D:5)
  Sigmund (D:5)
  A hungry ghost (D:7)
  Menkaure (D:5)
  An orc warrior (D:5)
  A black bear (D:7)
  An ogre (D:5)
  2 centaurs
  4 bullfrogs
  2 scorpions (D:5)
  4 wights (D:7)
  A howler monkey (D:5)
  A crimson imp (D:5)
  A bullfrog zombie (D:5)
  3 hounds
  6 orc priests
  Crazy Yiuf (D:5)
  3 iguanas
  A worker ant (D:6)
  10 orc wizards
  A hound skeleton (D:4)
  Robin (D:2)
  4 gnolls (D:4)
  7 adders
  A shadow imp (D:5)
  2 worms
  A dart slug (D:1)
  6 leopard geckos
  25 orcs
  6 bats
  3 giant cockroaches
  16 goblins
  12 hobgoblins
  6 jackals
  7 kobolds
  4 quokkas
  2 ball pythons
  6 frilled lizards
  A quokka skeleton (D:7)
  5 rats
162 creatures vanquished.

Notes
Turn   | Place    | Note
-------+----------+-------------------------------------------
     0 | D:1      | Jannitor the Vine Stalker Fighter began the quest for the
                  | Orb.
     0 | D:1      | Reached XP level 1. HP: 11/11 MP: 2/2
    92 | D:1      | Reached XP level 2. HP: 11/16 MP: 1/3
   381 | D:1      | Reached XP level 3. HP: 17/19 MP: 4/4
   896 | D:2      | Noticed Robin
  1432 | D:2      | Reached skill level 1 in Dodging
  1470 | D:2      | Gained mutation: Your natural rate of healing is unusually
                  | fast. [Vine Stalker growth]
  1470 | D:2      | Reached XP level 4. HP: 21/24 MP: 5/5
  1687 | D:2      | Killed Robin
  2138 | D:3      | Found a faded altar of an unknown god.
  2257 | D:4      | Reached skill level 1 in Axes
  2257 | D:4      | Reached XP level 5. HP: 27/28 MP: 3/6
  2411 | D:4      | Reached XP level 6. HP: 21/32 MP: 3/7
  2658 | D:4      | Found a bloodstained altar of Trog.
  2733 | D:4      | Found a roughly hewn altar of Beogh.
  2940 | D:4      | Reached XP level 7. HP: 35/37 MP: 6/8
  3015 | D:5      | Entered Level 5 of the Dungeon
  3084 | D:5      | Noticed Menkaure
  3102 | D:5      | Killed Menkaure
  3200 | D:5      | Gained mutation: You have razor-sharp teeth. [Vine Stalker
                  | growth]
  3200 | D:5      | Reached XP level 8. HP: 34/42 MP: 9/9
  3415 | D:5      | Found a staircase to the Ecumenical Temple.
  3416 | D:5      | Noticed Sigmund
  3426 | D:5      | Killed Sigmund
  3426 | D:5      | Reached skill level 5 in Shields
  3431 | Temple   | Entered the Ecumenical Temple
  3524 | Temple   | Became a worshipper of Uskayaw the Reveler
  3590 | D:5      | Reached * piety under Uskayaw
  3718 | D:5      | Noticed Grinder
  3722 | D:5      | Reached ** piety under Uskayaw
  3724 | D:5      | Reached skill level 5 in Fighting
  3725 | D:5      | Reached *** piety under Uskayaw
  3727 | D:5      | Reached **** piety under Uskayaw
  3733 | D:5      | Reached ***** piety under Uskayaw
  3738 | D:5      | Killed Grinder
  3842 | D:5      | Found a runed translucent door.
  3843 | D:5      | Noticed Crazy Yiuf
  4076 | D:5      | Killed Crazy Yiuf
  4137 | D:6      | Found Uckyex's Food Shoppe.
  4155 | D:6      | Reached XP level 9. HP: 47/47 MP: 10/10
  4211 | D:6      | Reached skill level 1 in Invocations
  4303 | D:6      | Found a shadowy altar of Dithmenos.
  4326 | D:6      | Found a white marble altar of Elyvilon.
  4861 | D:7      | Reached skill level 5 in Armour
  5033 | D:7      | Gained mutation: Your muscles are strong. (Str +2) [potion
                  | of mutation]
  5033 | D:7      | Gained mutation: You are dopey. (Int -2) [potion of
                  | mutation]
  5033 | D:7      | Gained mutation: You are occasionally teleported next to
                  | monsters. [potion of mutation]
  5033 | D:7      | Gained mutation: Your flesh is heat resistant. (rF+)
                  | [potion of mutation]
  5033 | D:7      | HP: 2/48 [poisoned by a killer bee]
  5036 | D:7      | Succumbed to a killer bee's poison

Levels and vault maps discovered:
D:1:      nagdon_arrival_zigzag_paths, layout_basic
D:2:      layout_basic, uniq_robin
D:3:      minmay_bubble_buster, layout_basic, first_ration,
          chequers_ecumenical_altar_lobes
D:4:      layout_loops_ring, bloody_trog, kennysheep_orc_chapel
D:5:      layout_loops_ring, temple_green, guppyfry_early_orc_mine,
          uniq_crazy_yiuf_cottage, uniq_sigmund, uniq_menkaure, uniq_grinder
D:6:      layout_basic, grunt_temple_overflow_open, serial_shops,
          nicolae_shop_competitors_out_of_business,
          hangedman_decor_clover_reticule, minmay_lizard_king
D:7:      layout_cave_pools
Temple:   regret_index_temple_mists

Skill      XL: |  1  2  3  4  5  6  7  8  9 |
---------------+----------------------------+-----
Short Blades   | 2 |  2.3
Shields        | 3 4 5 |  5.7
Fighting       | 3 4 5 |  5.7
Dodging        | 1 2 3 4 |  4.4
Axes           | 1 2 3 4 |  4.7
Armour         | 3 4 5 |  5.1
Invocations    | 2 |  2.3

Action                   |  1- 3 |  4- 6 |  7- 9 || total
-------------------------+-------+-------+-------++-------
Melee: Rapier            |    65 |       |       ||    65
       Bite              |    24 |    33 |    66 ||   123
       Hand axe          |    50 |   133 |   238 ||   421
  Use: Potion            |       |     1 |     6 ||     7
       Scroll            |       |       |     4 ||     4
 Stab: Paralysed         |       |       |    11 ||    11
  Eat: Chunk             |     2 |     5 |     9 ||    16
Armor: Scale mail        |    74 |    57 |    81 ||   212
Dodge: Dodged            |    41 |    48 |    87 ||   176
Block: Shield            |    73 |    80 |   151 ||   304

Table legend:
 A = Non-vault XP
 B = Vault XP
 C = Vault XP percentage of total XP
 D = Non-vault monster count
 E = Vault monster count
 F = Vault count percentage of total count
                 A         B        C        D         E       F
            +---------+---------+-------+---------+---------+-------
      Total |    2589 |    1099 |  29.8 |     129 |      33 |  20.4
            +---------+---------+-------+---------+---------+-------
        D:1 |      47 |       4 |   7.8 |      27 |       2 |   6.9
        D:2 |      44 |      33 |  42.9 |      16 |      10 |  38.5
        D:3 |      30 |       0 |   0.0 |       9 |       0 |   0.0
        D:4 |     428 |      85 |  16.6 |      32 |       3 |   8.6
        D:5 |     731 |     926 |  55.9 |      22 |      11 |  33.3
        D:6 |     565 |      51 |   8.3 |      14 |       7 |  33.3
        D:7 |     744 |       0 |   0.0 |       9 |       0 |   0.0
            +---------+---------+-------+---------+---------+-------
